 Dungeon Crawl Stone Soup version 0.18.1-50-g88ac8fd (webtiles) character file.

169 Drunkenshrew the Charmwright (level 5, 0/41 HPs)
             Began as a Draconian Skald on Sept 30, 2016.
             Succumbed to a worker ant's poison
             ... on level 5 of the Dungeon.
             The game lasted 00:09:57 (3173 turns).

Drunkenshrew the Charmwright (Draconian Skald)      Turns: 3173, Time: 00:09:58

Health: 0/41       AC:  5    Str: 14    XL:     5   Next: 25%
Magic:  4/8        EV: 11    Int: 14    God:
Gold:   114        SH:  0    Dex: 10    Spells: 2 memorised, 4 levels left

rFire  . . .     SeeInvis .     a - +0 short sword
rCold  . . .     Gourm    .     (armour unavailable)
rNeg   . . .     Faith    +     (no shield)
rPois  .         Spirit   .     (helmet restricted)
rElec  .         Dismiss  .     (no cloak)
rCorr  .         Reflect  .     (no gloves)
SustAt .         Harm     .     (no boots)
MR     .....                    n - amulet of faith
Stlth  +.........               (no ring)
                                r - ring of flight

@: lethally poisoned (0 -> -11), not resistant to hostile enchantments, very
unstealthy
A: unfitting armour, cold-blooded, AC +5
a: Evoke Flight


You were on level 5 of the Dungeon.
You were not hungry.

You visited 1 branch of the dungeon, and saw 4 of its levels.

You collected 114 gold pieces.

Inventory:

Hand Weapons
 a - a +0 short sword (weapon)
Jewellery
 n - an amulet of faith (around neck)
 r - a ring of flight (left hand)
Scrolls
 e - 4 scrolls of immolation {unknown}
 g - 7 scrolls of identify {unknown}
 h - 2 scrolls of remove curse {unknown}
 k - a scroll of noise {unknown}
Potions
 f - 2 potions of invisibility {unknown}
 i - a potion of ambrosia {unknown}
 j - a potion of mutation {unknown}
 p - a potion of might {unknown}
 q - a potion of curing {unknown}
Books
 b - a book of Battle

   Spells                             Type                      Level
   a - Infusion                       Charms                       1
   b - Shroud of Golubria             Charms/Translocation         2
   c - Song of Slaying                Charms                       2
   d - Spectral Weapon                Hexes/Charms                 3
   e - Regeneration                   Charms/Necromancy            3
Comestibles
 c - 4 bread rations
 d - 2 meat rations
 l - 2 fruits


   Skills:
 - Level 2.1 Fighting
 - Level 2.1 Short Blades
 - Level 1.3 Dodging
 + Level 0.4 Stealth
 + Level 2.3 Spellcasting
 + Level 5.0 Charms
 + Level 1.0 Necromancy


You had 4 spell levels left.
You knew the following spells:

 Your Spells              Type           Power        Failure   Level  Hunger
a - Infusion              Chrm           ###.         2%          1    #......
b - Regeneration          Chrm/Necr      ##........   21%         3    ###....


Dungeon Overview and Level Annotations

Branches:
Dungeon (3/15)

Altars:


Innate Abilities, Weirdness & Mutations

Your plain brown scales are hard (AC +5).
Your body does not fit into most forms of armour.
You are cold-blooded and may be slowed by cold attacks.


Message History

Read which item? (? for menu, Esc to quit)
As you read the scroll labeled GOAZXI GADGHID, it crumbles to dust.
The scroll dissolves into smoke.
It was a scroll of fog.
You are no longer magically infusing your attacks.
The worker ant bites you.
* * * LOW HITPOINT WARNING * * *
You are more poisoned.
The worker ant poisons you! The orc wizard hits you with a dagger.
* * * LOW HITPOINT WARNING * * *
The orc wizard hits you but does no damage.
The worker ant bites you but does no damage.
The giant newt barely misses you.
* * * LOW HITPOINT WARNING * * *
You feel sick.
The orc wizard hits you but does no damage.
The orc wizard closely misses you. The giant newt closely misses you.
An ice beast comes into view.
* * * LOW HITPOINT WARNING * * *
You feel sick. The giant newt barely misses you.
You die...

## .Y.# ...
#######.#..
...##........##
...§.§§§.....
#.§§§......
#§§a.o5..##
#.ool......
#...§.....#
#.@......##
#.........#
#...#########
#..## ...# ...
.


You could see a worker ant, 2 orc wizards, a crimson imp, an orc and a giant
newt.

Vanquished Creatures
  Jessica (D:3)
  A gnoll (D:1)
  5 adders
  An ooze (D:1)
  2 worms (D:2)
  2 giant geckos (D:1)
  2 orcs (D:3)
  9 bats
  3 giant cockroaches
  7 goblins
  9 hobgoblins
  10 jackals
  2 ball pythons
  5 giant newts
  7 kobolds
  7 rats
73 creatures vanquished.

Notes
Turn   | Place    | Note
--------------------------------------------------------------
     0 | D:1      | Drunkenshrew the Draconian Skald began the quest for the Orb.
     0 | D:1      | Reached XP level 1. HP: 17/17 MP: 3/3
    30 | D:1      | Reached skill level 3 in Charms
    30 | D:1      | Reached XP level 2. HP: 3/24 MP: 0/5
   563 | D:1      | Reached XP level 3. HP: 23/29 MP: 0/6
  1066 | D:2      | Reached skill level 4 in Charms
  1544 | D:2      | Reached XP level 4. HP: 20/36 MP: 0/7
  2165 | D:3      | Noticed Jessica
  2171 | D:3      | Killed Jessica
  2171 | D:3      | Reached skill level 5 in Charms
  2190 | D:3      | Learned a level 3 spell: Regeneration
  2291 | D:3      | Reached XP level 5. HP: 39/41 MP: 8/8
  2880 | D:3      | Reached skill level 1 in Necromancy
  3152 | D:3      | You fall through a shaft for 2 floors!
  3152 | D:5      | Entered Level 5 of the Dungeon
  3170 | D:5      | HP: 2/41 [orc wizard/dagger (2)]
  3172 | D:5      | Noticed an ice beast
  3173 | D:5      | Succumbed to a worker ant's poison

Skill      XL: |  1  2  3  4  5 |
---------------+----------------+-----
Charms         | 3 4 5 |  5.0
Necromancy     | 1 |  1.0
Fighting       | |  2.1
Short Blades   | |  2.1
Dodging        | |  1.3
Stealth        | |  0.4
Spellcasting   | |  2.3

Action                   |  1- 3 |  4- 6 || total
-------------------------+-------+-------++-------
Melee: Short sword       |   112 |   123 ||   235
       Tailslap          |    14 |     7 ||    21
 Cast: Infusion          |    17 |    14 ||    31
  Use: Scroll            |       |     2 ||     2
 Stab: Sleeping          |     1 |       ||     1
  Eat: Chunk             |     2 |     5 ||     7
       Fruit             |       |     1 ||     1
Armor: Skin              |    41 |    53 ||    94
Dodge: Dodged            |    82 |    98 ||   180
